PR
MEMPHIS MUSIC @ OGALLALA OCTOPI
08/01/2033
 
TOP OF THE 1ST
Memphis Music batting - Pitching for Ogallala Octopi : RHP Ricky Parker
Pitching: RHP Ricky Parker
Batting: RHB Ernesto Amézaga 0-0: Ball
1-0: Fly out, F5 (Popup, 15S)
Batting: RHB Clint Morgan 0-0: Called Strike
0-1: Foul Ball, location: 2F
0-2: Strikes out swinging
Batting: LHB Jorge Ortíz 0-0: Ball
1-0: Foul Ball, location: 2F
1-1: Ball
2-1: Ball
3-1: Called Strike
3-2: Ground out 4-3 (Groundball, 4)
Top of the 1st over - 0 runs, 0 hits, 0 errors, 0 left on base; Memphis 0 - Ogallala 0
BOTTOM OF THE 1ST
Ogallala Octopi batting - Pitching for Memphis Music : RHP Richard Arnie
Pitching: RHP Richard Arnie
Batting: RHB Salvador Gisbert 0-0: Ball
1-0: Swinging Strike
1-1: SINGLE (Groundball, 4MD)
Batting: RHB Enrique Torres 0-0: Called Strike
0-1: Ball
1-1: Called Strike
1-2: Grounds into double play, 4-6-3 (Groundball, 4M)
Batting: LHB Lauren Hilfiker 0-0: Ball
1-0: Swinging Strike
1-1: Ball
2-1: Fly out, F8 (Line Drive, 8LD)
Bottom of the 1st over - 0 runs, 1 hit, 0 errors, 0 left on base; Memphis 0 - Ogallala 0
TOP OF THE 2ND
Memphis Music batting - Pitching for Ogallala Octopi : RHP Ricky Parker
Batting: RHB Telman Gadzhiyev 0-0: Called Strike
0-1: Foul Ball, location: 2F
0-2: Ball
1-2: Ball
2-2: Ball
3-2: SINGLE (Groundball, 56D)
Batting: RHB Ramón Barbosa 0-0: Ball
1-0: Foul Ball, location: 2F
1-1: Ball
2-1: Ball
3-1: Grounds into double play, 6-4-3 (Groundball, 6)
Batting: SHB Ron Wooten 0-0: Ball
1-0: Ball
2-0: Called Strike
2-1: Swinging Strike
2-2: Strikes out swinging
Top of the 2nd over - 0 runs, 1 hit, 0 errors, 0 left on base; Memphis 0 - Ogallala 0
BOTTOM OF THE 2ND
Ogallala Octopi batting - Pitching for Memphis Music : RHP Richard Arnie
Batting: SHB Jorge Díaz 0-0: Ball
1-0: Fly out, F7 (Flyball, 78D)
Batting: RHB Isagani Gorre 0-0: Foul Ball, location: 2F
0-1: Ball
1-1: Ball
2-1: Fly out, F9 (Line Drive, 9S)
Batting: RHB Phil van Oosterom 0-0: Ball
1-0: Ball
2-0: Swinging Strike
2-1: Foul Ball, location: 2F
2-2: Ball
3-2: Foul Ball, location: 2F
3-2: Base on Balls
Batting: RHB Alejandro Cantú 0-0: Called Strike
0-1: Fly out, F6 (Popup, 6MS)
Bottom of the 2nd over - 0 runs, 0 hits, 0 errors, 1 left on base; Memphis 0 - Ogallala 0
TOP OF THE 3RD
Memphis Music batting - Pitching for Ogallala Octopi : RHP Ricky Parker
Batting: RHB Pellervo Rintanen 0-0: Foul Ball, location: 2F
0-1: Foul Ball, location: 2F
0-2: Ball
1-2: Foul Ball, location: 2F
1-2: Strikes out swinging
Batting: RHB António Delgado 0-0: Fly out, F8 (Flyball, 8RM)
Batting: RHB Manny Valentín 0-0: Called Strike
0-1: Ground out 5-3 (Groundball, 56)
Top of the 3rd over - 0 runs, 0 hits, 0 errors, 0 left on base; Memphis 0 - Ogallala 0
BOTTOM OF THE 3RD
Ogallala Octopi batting - Pitching for Memphis Music : RHP Richard Arnie
Batting: RHB Maverik Buffo 0-0: Ball
1-0: Ball
2-0: Foul Ball, location: 2F
2-1: Fly out, F7 (Line Drive, 7LM)
Batting: RHB Ricardo Torres 0-0: Foul Ball, location: 2F
0-1: Fly out, F9 (Flyball, 89D)
Batting: RHB Salvador Gisbert 0-0: Ball
1-0: Called Strike
1-1: Foul Ball, location: 2F
1-2: Fly out, F8 (Line Drive, 89D)
Bottom of the 3rd over - 0 runs, 0 hits, 0 errors, 0 left on base; Memphis 0 - Ogallala 0
TOP OF THE 4TH
Memphis Music batting - Pitching for Ogallala Octopi : RHP Ricky Parker
Batting: RHB Ernesto Amézaga 0-0: Called Strike
0-1: Fly out, F8 (Line Drive, 8RM)
Batting: RHB Clint Morgan 0-0: Foul Ball, location: 2F
0-1: Ball
1-1: Ball
2-1: Foul Ball, location: 2F
2-2: Strikes out swinging
Batting: LHB Jorge Ortíz 0-0: Ball
1-0: Called Strike
1-1: Swinging Strike
1-2: Ball
2-2: Fly out, F9 (Flyball, 89S)
Top of the 4th over - 0 runs, 0 hits, 0 errors, 0 left on base; Memphis 0 - Ogallala 0
BOTTOM OF THE 4TH
Ogallala Octopi batting - Pitching for Memphis Music : RHP Richard Arnie
Batting: RHB Enrique Torres 0-0: Ball
1-0: Ball
2-0: SINGLE (Flyball, 89S)
Batting: LHB Lauren Hilfiker 0-0: Ball
1-0: Ball
2-0: Foul Ball, location: 2F
2-1: SINGLE (Groundball, 34D)
Enrique Torres to second
Runner from 2nd tries for 3rd, SAFE, no throw
Batting: SHB Jorge Díaz 0-0: Foul Ball, location: 2F
0-1: Grounds into double play, 4-6-3 (Groundball, 4)
Enrique Torres scores
Batting: RHB Isagani Gorre 0-0: Foul Ball, location: 2F
0-1: Ball
1-1: DOUBLE (Line Drive, 8RD)
Batting: RHB Phil van Oosterom 0-0: Ball
1-0: Ball
2-0: Called Strike
2-1: Ball
3-1: Swinging Strike
3-2: Foul Ball, location: 2F
3-2: Fly out, F9 (Flyball, 89S)
Bottom of the 4th over - 1 run, 3 hits, 0 errors, 1 left on base; Memphis 0 - Ogallala 1
TOP OF THE 5TH
Memphis Music batting - Pitching for Ogallala Octopi : RHP Ricky Parker
Batting: RHB Telman Gadzhiyev 0-0: Fly out, F7 (Flyball, 7D)
Batting: RHB Ramón Barbosa 0-0: Called Strike
0-1: Ball
1-1: Ground out 6-3 (Groundball, 6)
Batting: SHB Ron Wooten 0-0: Ball
1-0: Ball
2-0: Fly out, F6 (Popup, 6D)
Top of the 5th over - 0 runs, 0 hits, 0 errors, 0 left on base; Memphis 0 - Ogallala 1
BOTTOM OF THE 5TH
Ogallala Octopi batting - Pitching for Memphis Music : RHP Richard Arnie
Batting: RHB Alejandro Cantú 0-0: Called Strike
0-1: Called Strike
0-2: Ball
1-2: Ball
2-2: Foul Ball, location: 2F
2-2: Ball
3-2: Ground out 5-3 (Groundball, 56)
Batting: RHB Maverik Buffo 0-0: Ball
1-0: Ball
2-0: SINGLE (Groundball, 56D)
Batting: RHB Ricardo Torres 0-0: Ball
1-0: Swinging Strike
1-1: Ball
2-1: DOUBLE (Line Drive, 78D)
Maverik Buffo to third
Runner from 3rd tries for Home, SAFE, no throw
Batting: RHB Salvador Gisbert 0-0: Ball
1-0: Called Strike
1-1: Called Strike
1-2: Ball
2-2: Foul Ball, location: 2F
2-2: SINGLE (Flyball, 9LM)
Ricardo Torres to third
Runner from 3rd tries for Home, SAFE, no throw
Batting: RHB Enrique Torres 0-0: Fielders Choice at 2nd, 1-6 (Groundball, P)
Batting: LHB Lauren Hilfiker 0-0: Ball
1-0: Ground out 1-3 (Groundball, 13)
Bottom of the 5th over - 2 runs, 3 hits, 0 errors, 1 left on base; Memphis 0 - Ogallala 3
TOP OF THE 6TH
Memphis Music batting - Pitching for Ogallala Octopi : RHP Ricky Parker
Batting: RHB Pellervo Rintanen 0-0: Ball
1-0: Ball
2-0: Ball
3-0: Called Strike
3-1: Foul Ball, location: 2F
3-2: Fly out, F8 (Line Drive, 8LD)
Batting: RHB António Delgado 0-0: Swinging Strike
0-1: Called Strike
0-2: Strikes out swinging
Batting: RHB Manny Valentín 0-0: Ball
1-0: Fly out, F8 (Flyball, 8RM)
Top of the 6th over - 0 runs, 0 hits, 0 errors, 0 left on base; Memphis 0 - Ogallala 3
BOTTOM OF THE 6TH
Ogallala Octopi batting - Pitching for Memphis Music : RHP Richard Arnie
Batting: SHB Jorge Díaz 0-0: Called Strike
0-1: Hit by Pitch
Batting: RHB Isagani Gorre 0-0: Ball
Jorge Díaz is caught stealing 2nd base
1-0: Ball
2-0: Foul Ball, location: 2F
2-1: Fly out, F9 (Flyball, 89D)
Batting: RHB Phil van Oosterom 0-0: Fly out, F8 (Flyball, 78D)
Bottom of the 6th over - 0 runs, 0 hits, 0 errors, 0 left on base; Memphis 0 - Ogallala 3
TOP OF THE 7TH
Memphis Music batting - Pitching for Ogallala Octopi : RHP Ricky Parker
Batting: RHB Ernesto Amézaga 0-0: Called Strike
0-1: Ball
1-1: Ball
2-1: Foul Ball, location: 2F
2-2: Ground out 4-3 (Groundball, 4)
Batting: RHB Clint Morgan 0-0: Ball
1-0: Fly out, F3 (Line Drive, 34)
Batting: LHB Jorge Ortíz 0-0: Foul Ball, location: 2F
0-1: Ball
1-1: Called Strike
1-2: Ball
2-2: Strikes out swinging
Top of the 7th over - 0 runs, 0 hits, 0 errors, 0 left on base; Memphis 0 - Ogallala 3
BOTTOM OF THE 7TH
Ogallala Octopi batting - Pitching for Memphis Music : RHP Richard Arnie
Batting: RHB Alejandro Cantú 0-0: Called Strike
0-1: Ball
1-1: Ball
2-1: Ball
3-1: Foul Ball, location: 2F
3-2: Strikes out swinging
Batting: RHB Maverik Buffo 0-0: Called Strike
0-1: Ball
1-1: DOUBLE (Flyball, 78D)
Batting: RHB Ricardo Torres 0-0: Ball
1-0: Ball
2-0: Foul Ball, location: 2F
2-1: Called Strike
2-2: Ball
3-2: Foul Ball, location: 2F
3-2: Base on Balls
Batting: RHB Salvador Gisbert 0-0: Ball
1-0: Foul Ball, location: 2F
1-1: Foul Ball, location: 2F
1-2: Ball
2-2: Ground out 5-3 (Groundball, 56S)
Maverik Buffo to third
Ricardo Torres to second
Batting: RHB Enrique Torres 0-0: Ball
1-0: Ball
2-0: SINGLE (Groundball, 56D)
Maverik Buffo scores
Ricardo Torres to third
Runner from 3rd tries for Home, SAFE, no throw
Pitching: RHP Lee Gunn
Batting: LHB Lauren Hilfiker 0-0: Ball
1-0: Ball
2-0: Called Strike
2-1: Swinging Strike
2-2: Foul Ball, location: 2F
2-2: Ball
3-2: Ground out 3-1 (Groundball, 3)
Bottom of the 7th over - 2 runs, 2 hits, 0 errors, 1 left on base; Memphis 0 - Ogallala 5
TOP OF THE 8TH
Memphis Music batting - Pitching for Ogallala Octopi : RHP Ricky Parker
Now in RF: Mauro López
Batting: RHB Telman Gadzhiyev 0-0: Swinging Strike
0-1: Called Strike
0-2: Ball
1-2: Ball
2-2: Ball
3-2: Foul Ball, location: 2F
3-2: SINGLE (Groundball, 56D)
Batting: RHB Ramón Barbosa 0-0: Ball
1-0: SINGLE (Line Drive, 5D)
Telman Gadzhiyev to second
Batting: SHB Ron Wooten 0-0: Called Strike
0-1: Called Strike
0-2: SINGLE (Line Drive, 8LS)
Telman Gadzhiyev to third
Ramón Barbosa to second
Runner from 3rd tries for Home, SAFE, no throw
Pitching: RHP Pepe Pereira
Batting: RHB Pellervo Rintanen 0-0: Ball
1-0: Ball
2-0: SINGLE (Groundball, 6D)
Ramón Barbosa to third
Ron Wooten to second
Batting: RHB António Delgado 0-0: Called Strike
0-1: Fly out, F7 (Flyball, 7S)
Batting: RHB Manny Valentín 0-0: Ball
1-0: Swinging Strike
1-1: Foul Ball, location: 2F
1-2: Foul Ball, location: 2F
1-2: Strikes out swinging
Batting: RHB Ernesto Amézaga 0-0: Called Strike
0-1: Swinging Strike
0-2: Strikes out swinging
Top of the 8th over - 1 run, 4 hits, 0 errors, 3 left on base; Memphis 1 - Ogallala 5
BOTTOM OF THE 8TH
Ogallala Octopi batting - Pitching for Memphis Music : RHP Lee Gunn
Batting: SHB Jorge Díaz 0-0: Ball
1-0: Ball
2-0: Called Strike
2-1: Fly out, F7 (Flyball, 78S)
Batting: RHB Isagani Gorre 0-0: Swinging Strike
0-1: Foul Ball, location: 2F
0-2: Ground out 4-3 (Groundball, 4)
Batting: RHB Phil van Oosterom 0-0: Foul Ball, location: 2F
0-1: Ball
1-1: Foul Ball, location: 2F
1-2: Ball
2-2: Ball
3-2: Foul Ball, location: 2F
3-2: SINGLE (Flyball, 9LS)
Batting: RHB Alejandro Cantú 0-0: Ball
1-0: Fly out, F7 (Line Drive, 7LD)
Bottom of the 8th over - 0 runs, 1 hit, 0 errors, 1 left on base; Memphis 1 - Ogallala 5
TOP OF THE 9TH
Memphis Music batting - Pitching for Ogallala Octopi : RHP Pepe Pereira
Batting: RHB Clint Morgan 0-0: Swinging Strike
0-1: Foul Ball, location: 2F
0-2: Fly out, F8 (Flyball, 8LD)
Batting: LHB Jorge Ortíz 0-0: Called Strike
0-1: Called Strike
0-2: DOUBLE (Line Drive, 89D)
Batting: RHB Telman Gadzhiyev 0-0: Ball
1-0: Foul Ball, location: 2F
1-1: Ball
2-1: Foul Ball, location: 2F
2-2: Ball
3-2: Ground out 5-3 (Groundball, 56)
Batting: RHB Ramón Barbosa 0-0: Foul Ball, location: 2F
0-1: Ball
1-1: Called Strike
1-2: Ball
2-2: Foul Ball, location: 2F
2-2: Foul Ball, location: 2F
2-2: Ball
3-2: Foul Ball, location: 2F
3-2: Fly out, F8 (Flyball, 78M)
Top of the 9th over - 0 runs, 1 hit, 0 errors, 1 left on base; Memphis 1 - Ogallala 5
Saturday, December 22nd, 2018 - OOTP Baseball 18.8 Build 76